AoeStats
← Wildfel

Arabia

510866678Analyzed
1v1 RM · 17h ago on Oct 2, 2026· 46m 57s· 2 players
Game mode
Random Map
Map size
Tiny (2 player)
Population
200
Speed
Normal
Resources
Standard
Victory
Conquest
Starting age
Dark Age
Ending age
Imperial Age
RankedLock teamsTeams togetherTeam positionsShared explorationLock speedFull tech treeHidden civsTurbo modeCheats
Victory
Defeat
🇦🇷 Maya · Argentina
1575
+14
🇦🇷 Bulgarians · Argentina
1533
-14
SwetOtto
7:20 Loom
9:59 Feudal Age
10:32 Double-Bit Axe
15:06 Scale Mail Armor
19:21 Horse Collar
20:10 Padded Archer Armor
20:38 Gold Mining
22:06 Wheelbarrow
21:49 Fletching
30:24 Castle Age
29:52 Bloodlines
29:49 Scale Barding Armor
29:54 Forging
31:39 Bow Saw
32:06 Chain Barding Armor
33:16 Heavy Plow
34:41 Iron Casting
34:16 Husbandry
37:51 Hand Cart
40:20 Town Watch
40:50 Stone Mining
48:57 Imperial Age
Wildfel
0:26 Loom
9:44 Feudal Age
10:14 Double-Bit Axe
20:09 Fletching
32:15 Castle Age
30:19 Gold Mining
30:48 Padded Archer Armor
30:53 Scale Mail Armor
32:27 Horse Collar
33:09 Bodkin Arrow
32:34 Crossbowman
33:33 Bow Saw
34:16 Ballistics
39:18 Wheelbarrow
43:22 Imperial Age
41:57 Masonry
42:06 Thumb Ring
44:18 Bracer
45:20 Chemistry
45:19 Elite Skirmisher
45:23 Arbalester
Connection lost

Rejoining the realm…

Still unreachable

The connection could not be restored.

Session expired

The server has moved on; the page needs a fresh start.